Map: Acid Plant LE

Players

MaNa - Winner!

  • Race: Protoss Protoss
  • Spawn Location: 5:00

Lambo

  • Race: Zerg Zerg
  • Spawn Location: 11:00

Event: WCS Leipzig 2018

VOD

Have the link to the VOD?

Description

Time

  • Played on: Jan. 26, 2018, 9:37 a.m.
  • Length: 15:22

All games in this series

Show
View Real Time Build Order
Export as new Build Order

MaNa Protoss - Winner!

Build Orders: 1 Gate Expand, Oracle Opening, Phoenix Opening, Archon Immortal, Zealot Archon, Archon Drop 

Get SALT Encoding   

  12  0:00  Probe  
  13  0:12  Probe  
  14  0:17  Pylon  
  14  0:24  Probe (Chrono Boost)  
  15  0:36  Probe (Chrono Boost)  
  15  0:39  Gateway  
  16  0:45  Probe (Chrono Boost)  
  16  0:49  Assimilator  
  17  0:51  Probe (Chrono Boost)  
  18  1:03  Probe (Chrono Boost)  
  20  1:11  Probe (Chrono Boost)  
  20  1:28  Nexus  
  20  1:38  Cybernetics Core  
  20  1:42  Probe  
  21  1:47  Assimilator  
  22  1:54  Probe  
  22  1:59  Pylon  
  22  2:06  Probe  
  23  2:15  Adept (Chrono Boost), Warp Gate  
  23  2:18  Probe  
  26  2:27  Stargate  
  26  2:30  Probe  
  26  2:34  Adept  
  29  2:40  Probe  
  29  2:42  Probe  
  31  2:52  Probe  
  31  2:54  Probe  
  33  3:01  Adept  
  33  3:04  Probe  
  36  3:06  Probe  
  36  3:09  Oracle (Chrono Boost)  
  40  3:16  Probe  
  40  3:19  Probe  
  42  3:28  Probe, Pylon  
  42  3:31  Probe  
  44  3:40  Probe, Phoenix (Chrono Boost)  
  45  3:43  Probe, Gateway  
  45  3:46  Adept  
  48  3:52  Probe  
  48  3:54  Pylon  
  48  3:55  Probe  
  50  4:00  Robotics Facility  
  50  4:04  Probe  
  50  4:07  Probe  
  52  4:12  Oracle  
  52  4:15  Assimilator  
  52  4:16  Assimilator  
  52  4:17  Probe  
  56  4:21  Probe  
  56  4:23  Pylon  
  57  4:28  Twilight Council  
  57  4:29  Probe  
  58  4:33  Probe  
  59  4:45  Adept x2  
  63  4:48  Warp Prism  
  65  4:56  Gateway x2  
  65  5:03  Pylon  
  65  5:07  Templar Archives  
  65  5:15  Nexus  
  65  5:20  Probe x2  
  67  5:31  Pylon  
  67  5:32  Forge  
  67  5:37  Probe x2  
  65  5:44  Shield Battery  
  65  5:49  Probe x2  
  66  5:56  High Templar x3  
  72  5:58  High Templar  
  72  6:01  Probe x2  
  72  6:02  Gateway, Archon  
  72  6:03  Archon  
  76  6:04  Gateway  
  76  6:05  Charge (Chrono Boost)  
  76  6:06  Gateway x2  
  76  6:14  Protoss Ground Weapons Level 1 (Chrono Boost)  
  76  6:16  Probe x2  
  78  6:19  Immortal  
  78  6:30  Probe  
  78  6:31  Probe  
  84  6:43  Probe x3  
  84  6:46  Sentry, Zealot  
  84  6:47  Zealot x2  
  95  6:58  Immortal  
  95  6:59  Assimilator  
  95  7:00  Assimilator  
  95  7:01  Pylon  
  99  7:03  Psionic Storm  
  99  7:15  Probe x2  
  101  7:19  Probe  
  102  7:27  Probe x2  
  102  7:29  High Templar x2  
  108  7:35  Gateway  
  108  7:38  Gateway  
  108  7:39  Gateway  
  108  7:40  Photon Cannon  
  108  7:43  Pylon  
  108  7:46  Pylon  
  108  7:54  Protoss Ground Weapons Level 2 (Chrono Boost), Photon Cannon  
  108  7:58  Immortal, Pylon  
  108  8:00  Pylon  
  108  8:03  High Templar x2  
  116  8:07  Shield Battery  
  116  8:10  Pylon  
  114  8:18  Zealot x5  
  124  8:31  Immortal  
  124  8:40  High Templar x2  
  124  8:41  Zealot x2  
  134  8:42  Zealot x4  
  134  8:45  Archon  
  132  9:01  Archon  
  126  9:04  Zealot x5  
  126  9:06  Zealot x3  
  134  9:10  Immortal (Chrono Boost)  
  133  9:22  Zealot x3  
  95  9:34  High Templar x2  
  95  9:35  Zealot x6  
  106  9:44  Shield Battery  
  106  9:48  Robotics Facility  
  107  9:52  Observer (Chrono Boost), Sentry  
  107  9:53  High Templar x2  
  107  9:57  High Templar  
  107  9:58  Zealot x3  
  107  9:59  Zealot  
  123  10:02  Warp Prism (Chrono Boost)  
  123  10:04  Sentry  
  121  10:14  Phoenix  
  121  10:15  Protoss Ground Weapons Level 3 (Chrono Boost)  
  121  10:19  Photon Cannon  
  121  10:25  Nexus  
  121  10:26  Pylon  
  123  10:35  Zealot x4  
  125  10:44  Pylon, Oracle  
  109  10:57  Archon  
  109  10:59  Zealot x9  
  109  11:00  Zealot  
  109  11:01  Archon  
  109  11:03  Observer (Chrono Boost)  
  128  11:08  Observer (Chrono Boost)  
  121  11:19  Zealot  
  121  11:20  Zealot x5  
  122  11:34  Zealot x4  
  114  11:40  High Templar x2  
  114  11:41  High Templar x4  
  130  11:47  Immortal (Chrono Boost)  
  130  11:59  Nexus  
  130  12:01  Pylon  
  130  12:06  Observer (Chrono Boost)  
  131  12:10  Pylon  
  131  12:11  Pylon  
  131  12:13  Pylon  
  131  12:16  Pylon  
  131  12:20  High Templar x2  
  135  12:24  Immortal (Chrono Boost)  
  135  12:25  Observer (Chrono Boost)  
  135  12:29  Gateway  
  136  12:32  Archon  
  136  12:37  Nexus  
  136  12:41  Pylon  
  136  12:43  Zealot x3  
  142  12:51  Zealot x3  
  148  13:03  High Templar x3  
  148  13:04  High Templar  
  154  13:07  Archon x2  
  152  13:13  Immortal x2  
  152  13:17  Zealot x5  
  154  13:48  Zealot x5  
  154  13:49  Zealot x2  
  163  14:04  Pylon  
  163  14:07  Nexus, Pylon  
  163  14:08  Pylon  
  163  14:10  Pylon  
  163  14:26  High Templar x5  
  163  14:27  High Templar  
  163  14:29  Shield Battery  
  163  14:30  Shield Battery  
  163  14:31  Archon x3  
  175  14:35  Zealot x2  
  175  14:36  Zealot x3  
  176  15:05  Zealot x6  
Show
View Real Time Build Order
Export as new Build Order

Lambo Zerg 

Build Orders: Hatch First, Lurkers 

Get SALT Encoding   

  12  0:00  Drone  
  13  0:12  Overlord  
  13  0:16  Drone  
  14  0:30  Drone x2  
  14  0:34  Drone  
  17  0:50  Hatchery  
  17  0:54  Drone  
  17  0:57  Drone  
  18  1:08  Extractor  
  17  1:13  Spawning Pool  
  17  1:16  Drone  
  17  1:19  Drone  
  18  1:28  Drone  
  19  1:40  Overlord  
  19  1:49  Drone  
  20  2:00  Queen  
  22  2:01  Zergling x2  
  22  2:02  Queen  
  22  2:03  Zergling x2  
  22  2:08  Metabolic Boost  
  26  2:11  Drone  
  26  2:13  Drone  
  28  2:29  Drone x2  
  30  2:36  Drone, Hatchery  
  30  2:40  Drone  
  30  2:43  Overlord  
  31  2:47  Drone  
  32  2:54  Drone  
  32  2:58  Queen  
  33  2:59  Drone  
  36  3:06  Drone  
  36  3:07  Drone  
  36  3:12  Drone x2, Zergling x2  
  41  3:13  Zergling x2  
  41  3:15  Overlord  
  41  3:18  Drone  
  43  3:24  Drone  
  43  3:36  Drone x2  
  43  3:40  Spore Crawler  
  43  3:41  Lair, Queen  
  44  3:43  Drone x2  
  48  3:49  Drone x3, Spore Crawler  
  48  3:54  Overlord  
  50  3:56  Drone x2  
  52  4:03  Drone x2  
  52  4:09  Extractor  
  53  4:10  Extractor  
  53  4:11  Drone x2  
  53  4:14  Drone x2  
  55  4:17  Spore Crawler  
  55  4:20  Drone x2  
  55  4:23  Overlord  
  55  4:24  Overlord  
  56  4:25  Drone  
  56  4:27  Baneling Nest, Drone  
  57  4:31  Drone  
  58  4:42  Drone x3, Hydralisk Den  
  60  4:46  Drone x2  
  60  4:47  Drone x2  
  60  4:48  Drone  
  60  4:50  Extractor  
  60  4:51  Zergling x10  
  69  4:56  Overlord  
  69  4:57  Zergling x4  
  71  5:00  Overlord  
  71  5:11  Overlord  
  71  5:13  Muscular Augments  
  70  5:14  Hydralisk  
  70  5:15  Overlord  
  72  5:27  Drone, Hydralisk x4  
  80  5:35  Drone x8  
  86  5:39  Drone, Extractor  
  86  5:40  Extractor  
  83  5:46  Drone, Evolution Chamber  
  83  5:47  Drone  
  83  5:49  Drone  
  83  5:53  Drone  
  83  5:58  Lurker Den  
  83  5:59  Drone x2  
  83  6:01  Drone x3  
  83  6:02  Overlord  
  87  6:05  Drone x2  
  87  6:09  Drone x2  
  91  6:15  Drone x2  
  93  6:18  Hydralisk x2  
  93  6:19  Hatchery  
  93  6:22  Hydralisk  
  93  6:30  Hydralisk x3  
  99  6:36  Hydralisk x3  
  102  6:42  Hydralisk, Zerg Missile Weapons Level 1  
  104  6:47  Baneling x2  
  104  6:48  Overlord  
  104  6:49  Overseer  
  104  6:53  Drone  
  105  6:54  Overlord  
  105  6:55  Overlord x2  
  105  6:56  Overlord  
  105  6:57  Overlord  
  105  7:02  Overlord  
  105  7:04  Overlord  
  105  7:11  Hydralisk x4  
  105  7:15  Hydralisk x2  
  112  7:20  Hydralisk x2  
  112  7:21  Overlord  
  120  7:23  Zergling x8  
  120  7:28  Zergling x8  
  128  7:31  Lurker x2  
  128  7:32  Lurker  
  128  7:33  Lurker x2  
  132  7:40  Overseer  
  132  7:41  Zergling x2  
  132  7:42  Zergling x12  
  132  7:43  Lurker  
  140  7:49  Queen  
  142  7:52  Zergling x8, Lurker  
  142  7:57  Lurker  
  142  7:58  Baneling x2, Extractor, Zergling x4  
  147  7:59  Zergling x4  
  147  8:02  Zergling x6  
  147  8:04  Lurker  
  155  8:07  Zergling x6  
  157  8:16  Zergling x16  
  157  8:19  Overlord  
  165  8:22  Overlord  
  165  8:23  Hydralisk  
  166  8:28  Overlord  
  166  8:30  Lurker  
  163  8:47  Hydralisk x2  
  167  8:51  Hydralisk x3  
  167  8:52  Zergling x4  
  162  8:56  Hydralisk x2  
  162  8:57  Zergling x6  
  162  8:59  Overlord  
  162  9:02  Hydralisk x2  
  159  9:03  Zergling x2  
  159  9:04  Pneumatized Carapace  
  159  9:07  Hydralisk x2  
  155  9:14  Hydralisk x2  
  155  9:16  Hydralisk  
  161  9:19  Hydralisk  
  161  9:22  Hydralisk  
  133  9:25  Hydralisk  
  133  9:27  Hydralisk  
  133  9:29  Hydralisk  
  118  9:31  Hydralisk  
  118  9:34  Zergling x2  
  118  9:37  Hydralisk  
  120  9:40  Hydralisk  
  120  9:43  Lurker x2  
  124  9:47  Zergling x4  
  124  9:50  Lurker  
  124  9:51  Zergling x4  
  129  9:54  Zergling x12  
  129  9:57  Lurker x2  
  129  9:58  Zergling x10  
  142  10:01  Zergling x2  
  142  10:06  Zergling x4  
  143  10:08  Zergling x6  
  143  10:09  Lurker  
  143  10:10  Zergling x2, Lurker  
  148  10:16  Zergling x6  
  148  10:19  Lurker  
  148  10:20  Overseer  
  152  10:22  Zergling x8  
  152  10:26  Baneling x3  
  152  10:28  Zergling x16  
  164  10:29  Lurker  
  164  10:33  Zergling x2  
  164  10:34  Zergling x2  
  167  10:40  Hydralisk x4  
  173  10:47  Baneling  
  168  10:52  Zergling x2  
  168  10:55  Hydralisk x2  
  138  10:58  Hydralisk x2  
  138  10:59  Zergling x6  
  138  11:01  Zergling x10  
  138  11:03  Baneling x2  
  144  11:07  Zergling x4, Hydralisk  
  144  11:11  Zergling x4, Hydralisk  
  142  11:14  Zergling x4  
  143  11:21  Zergling x2, Hydralisk x2  
  143  11:22  Zergling x4  
  150  11:29  Zergling x2  
  150  11:32  Zergling x4, Hydralisk x2  
  139  11:34  Hydralisk  
  139  11:35  Zergling x2  
  139  11:37  Zergling x4  
  139  11:39  Hydralisk  
  110  11:40  Zergling x2  
  110  11:47  Zergling x8  
  110  11:50  Lurker x3  
  110  11:51  Lurker  
  110  11:54  Lurker x3  
  120  11:59  Hydralisk, Lurker  
  124  12:03  Hydralisk x2  
  124  12:05  Baneling  
  124  12:06  Zergling x4  
  130  12:09  Zergling x6  
  130  12:12  Lurker  
  130  12:14  Zergling x6  
  137  12:18  Zergling x4, Hydralisk  
  140  12:25  Zergling x6  
  140  12:29  Zergling x4, Hydralisk x2  
  149  12:33  Lurker x2  
  149  12:34  Overlord  
  149  12:36  Hydralisk  
  153  12:46  Zergling x4, Hydralisk x2  
  153  12:50  Hydralisk x2  
  153  12:51  Zergling x4  
  158  12:55  Hydralisk x2  
  155  13:01  Zergling x6  
  155  13:02  Zergling x2  
  153  13:11  Hydralisk x3  
  152  13:16  Hydralisk  
  152  13:23  Drone x4  
  156  13:32  Hydralisk x3  
  162  13:39  Lurker x2  
  164  13:42  Hydralisk x2  
  164  13:47  Hydralisk  
  170  13:54  Hydralisk  
  170  13:59  Hydralisk  
  172  14:04  Drone  
  172  14:05  Drone x3  
  172  14:07  Extractor  
  175  14:16  Lurker  
  176  14:20  Hydralisk x3  
  182  14:24  Hatchery  
  182  14:25  Overseer  
  182  14:28  Spore Crawler  
  182  14:29  Drone x2  
  181  14:37  Hydralisk x2  
  179  14:43  Hydralisk x2  
  181  14:50  Hydralisk x2  
Tags
 
Add a new tag
Caveats
  • Supply blocks, unpowered buildings, or Contaminate may cause inaccurate times.
  • Supply counts are checked every 10 seconds.